 Dungeon Crawl Stone Soup version 0.25-a0-1119-g28b6fd0c3b (webtiles) character file.

Game seed: 10878742954304239529, levelgen mode: deterministic

676 MalarOregon the Skirmisher (level 7, -8/61 HPs)
             Began as a Yellow Draconian Earth Elementalist on May 18, 2020.
             Mangled by a hippogriff (10 damage)
             ... on level 5 of the Dungeon.
             The game lasted 00:08:36 (5013 turns).

MalarOregon the Skirmisher (DrEE)                   Turns: 5013, Time: 00:08:37

Health: -8/61      AC:  6    Str: 10    XL:     7   Next: 33%
Magic:  8/10       EV: 15    Int: 17    God:
Gold:   268        SH:  0    Dex: 18    Spells: 9/10 levels left

rFire    . . .     SeeInvis .   i - +0 great sword
rCold    . . .     Gourm    .   (shield currently unavailable)
rNeg     + . .     Faith    .   (armour unavailable)
rPois    .         Spirit   .   (helmet restricted)
rElec    .         Reflect  .   (no cloak)
rCorr    +         Harm     .   (no gloves)
MR       .....                  (no boots)
Stlth    ++........             q - amulet of inaccuracy (curse)
HPRegen  0.20/turn              c - +6 ring of dexterity
MPRegen  0.12/turn              l - ring of positive energy

@: no status effects
A: spit acid, unfitting armour, cold-blooded, acid resistance, AC +6
a: Breathe Acid


You were on level 5 of the Dungeon.
You were not hungry.

You visited 1 branch of the dungeon, and saw 6 of its levels.

You collected 268 gold pieces.

Inventory:

Hand Weapons
 i - a +0 great sword (weapon)
   (You found it on level 3 of the Dungeon)
Missiles
 b - 133 stones
 f - 27 poisoned darts (quivered)
Jewellery
 c - a +6 ring of dexterity (left hand)
   (You found it on level 3 of the Dungeon)
 k - an uncursed ring of magical power
   (You found it on level 3 of the Dungeon)
 l - a ring of positive energy (right hand)
   (You found it on level 4 of the Dungeon)
 m - an uncursed ring of wizardry
   (You found it on level 4 of the Dungeon)
 q - a cursed amulet of inaccuracy (around neck)
   (You found it on level 5 of the Dungeon)
Scrolls
 a - a scroll of magic mapping
 d - 4 scrolls of identify {@r1}
 g - a scroll of enchant weapon
 h - 2 scrolls of fog {unknown}
 j - 2 scrolls of remove curse {@r2}
 p - a scroll of enchant armour
Potions
 n - 5 potions of curing {unknown}
 o - 3 potions of mutation {unknown}
Comestibles
 e - 9 rations {!d}
 r - 2 chunks of flesh


   Skills:
 - Level 5.1 Fighting
 + Level 3.4 Long Blades
 + Level 5.0 Dodging
 - Level 1.7 Stealth
 - Level 2.0 Spellcasting
   Level 1.0 Transmutations
 - Level 3.0 Earth Magic


You had 9 spell levels left.
You knew the following spells:

 Your Spells              Type           Power        Failure   Level  Hunger
a - Sandblast             Erth           ##....       5%          1    #......

Your spell library contained the following spells:

 Spells                   Type           Power        Failure   Level  Hunger
 Passwall                 Tmut/Erth      #.......     13%         2    ###....
 Stone Arrow              Conj/Erth      #.....       30%         3    ###....
 Petrify                  Tmut/Erth      #.......     63%         4    #####..
 Lee's Rapid Deconstruct  Erth           ##........   83%         5    ######.


Dungeon Overview and Level Annotations

Branches:
Dungeon (6/15)             Temple (0/1) D:5

Altars:

Annotations:
D:6 Eustachio


Innate Abilities, Weirdness & Mutations

You can spit globs of acid.
Your golden yellow scales are hard. (AC +6)
You cannot fit into any form of body armour.
You are cold-blooded and may be slowed by cold attacks.
You are resistant to acid. (rCorr)


Message History

The hippogriff closely misses you.
You riposte.
You hit the hippogriff.
The hippogriff pecks you but does no damage.
The hippogriff barely misses you.
You climb upwards.
There is a stone staircase leading down here.
You closely miss the hippogriff. The hippogriff bites you.
The hippogriff closely misses you. The hippogriff barely misses you.
Aim: a hippogriff (lightly wounded)
You spit a glob of acid.
The glob of acid hits the hippogriff!
The hippogriff is splashed with acid.
The acid corrodes the hippogriff!
The hippogriff is splashed with acid.
The hippogriff seems to be corroded for longer.
You feel somewhat more hungry. The hippogriff closely misses you.
The hippogriff misses you. The hippogriff barely misses you.
You slash the hippogriff!
The hippogriff bites you but does no damage.
The hippogriff completely misses you.
The hippogriff claws you but does no damage.
The hippogriff bites you. The hippogriff pecks you.
The hippogriff claws you but does no damage.
You closely miss the hippogriff. The hippogriff bites you.
The hippogriff pecks you! The hippogriff claws you.
You closely miss the hippogriff. The hippogriff bites you!
* * * LOW HITPOINT WARNING * * *
The hippogriff pecks you!
* * * LOW HITPOINT WARNING * * *
The hippogriff barely misses you.
The hippogriff bites you but does no damage.
The hippogriff pecks you!
* * * LOW HITPOINT WARNING * * *
The hippogriff closely misses you.
You closely miss the hippogriff.
You have got your breath back.
The hippogriff bites you.
* * * LOW HITPOINT WARNING * * *
The hippogriff closely misses you. x2
Unknown command.
Aim: a hippogriff (heavily wounded, covered in acid)
The blast of sand hits the hippogriff!
b - 134 stones The hippogriff bites you!
* * * LOW HITPOINT WARNING * * *
The hippogriff pecks you.
* * * LOW HITPOINT WARNING * * *
The hippogriff misses you.
Aim: a hippogriff (severely wounded, covered in acid)
The blast of sand hits the hippogriff.
b - 133 stones The hippogriff bites you!
You die...

###############.#
####'####
#.............#.#
#.......#
..........#...#.#
#.>.....#
#.#######.#...#.#
#...<...# #.....#
#.###.#.# #)......#
#...#.# #.....#.#
#########
##..#.#########.########
....#..................#
###.###########.@H.....#
..............'........#
##.############........#
...# ###'###### #######
#### #....# #.....# #
####.#####.###.# #
#####........#.###.# #
#..................#
#.......####.#.#####


You could see a hippogriff (corroded).

Vanquished Creatures
  An ogre (D:5)
  Blork the orc (D:6)
  A scorpion (D:4)
  2 crimson imps
  A bullfrog skeleton (D:5)
  2 hounds (D:5)
  A centaur skeleton (D:5)
  5 worker ants
  A worker ant zombie (D:5)
  2 howler monkey skeletons (D:4)
  8 adders
  2 oozes
  A dart slug (D:3)
  A leopard gecko (D:2)
  4 orcs (D:3)
  3 giant cockroaches
  4 goblins
  3 hobgoblins
  4 jackals (D:3)
  3 quokkas
  5 bats
  4 frilled lizards
  7 kobolds
  2 leopard gecko skeletons (D:4)
  5 rats
73 creatures vanquished.

Notes
Turn   | Place    | Note
-------+----------+-------------------------------------------
     0 | D:1      | MalarOregon the Draconian Earth Elementalist began the
                  | quest for the Orb.
     0 | D:1      | Reached XP level 1. HP: 14/14 MP: 3/3
    84 | D:1      | Reached skill level 1 in Fighting
   225 | D:1      | Reached XP level 2. HP: 24/24 MP: 5/5
   571 | D:2      | Reached XP level 3. HP: 31/31 MP: 6/6
   611 | D:2      | Noticed an ice beast
  1363 | D:3      | Reached XP level 4. HP: 36/40 MP: 7/7
  2133 | D:4      | Reached skill level 5 in Fighting
  2330 | D:4      | Reached XP level 5. HP: 31/48 MP: 8/8
  3385 | D:4      | Reached XP level 6. HP: 56/56 MP: 5/9
  3794 | D:5      | Entered Level 5 of the Dungeon
  3850 | D:5      | Reached skill level 1 in Long Blades
  4133 | D:5      | Found a staircase to the Ecumenical Temple.
  4531 | D:5      | Your scales start taking on a golden yellow colour.
  4531 | D:5      | Reached XP level 7. HP: 61/61 MP: 6/10
  4531 | D:5      | Gained mutation: You are resistant to acid. (rCorr) [Yellow
                  | Draconian growth]
  4773 | D:6      | Noticed Blork the orc
  4784 | D:6      | Killed Blork the orc
  4903 | D:6      | Reached skill level 5 in Dodging
  4976 | D:6      | Noticed Eustachio
  4976 | D:6      | Noticed a hippogriff
  5012 | D:5      | HP: 2/61 [hippogriff (3)]
  5013 | D:5      | Mangled by a hippogriff

Illustrated notes

Levels and vault maps discovered:
D:1:      giann_wishing_wells, layout_rooms
D:2:      layout_rooms, uniq_natasha
D:3:      layout_basic, first_ration
D:4:      layout_gridville, corexii_item_surrounded_by_moat
D:5:      layout_basic, minmay_temple_entry_poolview
D:6:      layout_basic, nicolae_overflow_hidden_temple, uniq_blork_the_orc,
          uniq_eustachio

Skill      XL: |  1  2  3  4  5  6  7 |
---------------+----------------------+-----
Fighting       | 1 3 4 5 |  5.1
Dodging        | 2 3 4 5 |  5.0
Long Blades    | 2 3 |  3.4
Stealth        | |  1.7
Spellcasting   | |  2.0
Transmutations | |  1.0
Earth Magic    | |  3.0

Action                   |  1- 3 |  4- 6 |  7- 9 || total
-------------------------+-------+-------+-------++-------
Melee: Short sword       |    69 |       |       ||    69
       Tailslap          |     8 |     6 |     4 ||    18
       Great sword       |     7 |    63 |    28 ||    98
Throw: Dart              |       |     2 |       ||     2
       Stone             |       |     1 |       ||     1
 Cast: Sandblast         |    16 |    39 |    10 ||    65
 Abil: Breathe Acid      |       |       |     2 ||     2
  Use: Potion            |     2 |       |       ||     2
       Scroll            |     1 |     3 |       ||     4
 Stab: Sleeping          |     1 |     1 |       ||     2
  Eat: Chunk             |     2 |     7 |     2 ||    11
       Ration            |       |     1 |       ||     1
Armor: Skin              |    43 |    27 |    11 ||    81
Dodge: Dodged            |    77 |    75 |    33 ||   185
       Rpst.: Great sword |     2 |    22 |     9 ||    33

Table legend:
 A = Non-vault XP
 B = Vault XP
 C = Vault XP percentage of total XP
 D = Non-vault monster count
 E = Vault monster count
 F = Vault count percentage of total count
                 A         B        C        D         E       F
            +---------+---------+-------+---------+---------+-------
      Total |     876 |      90 |   9.3 |      72 |       1 |   1.4
            +---------+---------+-------+---------+---------+-------
        D:1 |      20 |       0 |   0.0 |      14 |       0 |   0.0
        D:2 |      31 |       0 |   0.0 |       9 |       0 |   0.0
        D:3 |     106 |       0 |   0.0 |      26 |       0 |   0.0
        D:4 |     234 |       0 |   0.0 |      12 |       0 |   0.0
        D:5 |     368 |       0 |   0.0 |       8 |       0 |   0.0
        D:6 |     117 |      90 |  43.5 |       3 |       1 |  25.0
            +---------+---------+-------+---------+---------+-------
